 Dungeon Crawl Stone Soup version 0.23.2 (webtiles) character file.

Game seed: 16454658543467048119

144 Borgoz the Ducker (level 5, -2/44 HPs)
             Began as a Ghoul Gladiator on Apr 4, 2019.
             Splashed by an oklob plant's acid (10 damage)
             ... on level 3 of the Dungeon.
             The game lasted 00:04:22 (2129 turns).

Borgoz the Ducker (Ghoul Gladiator)                 Turns: 2129, Time: 00:04:23

Health: -2/44      AC:  2    Str: 18    XL:     5   Next: 27%
Magic:  4/4        EV: 12    Int:  4    God:
Gold:   150        SH:  0    Dex: 10    Spells: 4/4 levels left

rFire    . . .     SeeInvis .   a - +1 rapier
rCold    + . .     Gourm    .   (no shield)
rNeg     + + +     Faith    .   b - +0 leather armour
rPois    ∞         Spirit   .   c - +0 helmet
rElec    .         Reflect  .   v - +1 cloak {MR+}
rCorr    .         Harm     .   (no gloves)
MR       +....                  (no boots)
Stlth    +.........             (no amulet)
HPRegen  0.00/turn              (no ring)
MPRegen  0.09/turn              (no ring)

@: corroded, rotting
A: rotting body, claws 1, carnivore, cold resistance 1, negative energy
resistance 3, inhibited regeneration, torment resistance, unbreathing
a: no special abilities


You were on level 3 of the Dungeon.
You were not hungry.

You visited 1 branch of the dungeon, and saw 3 of its levels.

You collected 150 gold pieces.

Inventory:

Hand Weapons
 a - a +1 rapier (weapon)
 u - a +4 quarterstaff of chaos
Missiles
 d - 2 throwing nets (quivered)
Armour
 b - a +0 leather armour (worn)
 c - a +0 helmet (worn)
 v - a +1 cloak of magic resistance (worn)
Scrolls
 m - a scroll of teleportation {unknown}
 n - a scroll of remove curse
 o - a scroll of fog {unknown}
 p - a scroll of fear
 q - a scroll of blinking {unknown}
 s - a scroll of immolation {unknown}
Potions
 e - 2 potions of heal wounds {unknown}
 g - a potion of cancellation
 h - 2 potions of curing
 i - 2 potions of might
 j - a potion of flight {unknown}
 l - 3 potions of resistance
 t - a potion of degeneration {unknown}
 w - a potion of magic {unknown}
Comestibles
 f - 5 rations
 k - 4 chunks of flesh


   Skills:
 + Level 2.8 Fighting
 * Level 3.4 Short Blades
 - Level 1.7 Throwing
 * Level 1.9 Armour
 * Level 3.5 Dodging
 + Level 1.6 Stealth


You had 4 spell levels left.
You didn't know any spells.
Your spell library contained the following spells:

 Spells                   Type           Power        Failure   Level  Hunger
 Magic Dart               Conj           #...         56%         1    ##.....
 Blink                    Tloc           N/A          71%         2    ###....
 Call Imp                 Summ           #.......     71%         2    ###....
 Slow                     Hex            #.......     71%         2    ###....
 Conjure Flame            Conj/Fire      #.......     90%         3    ####...
 Mephitic Cloud           Conj/Pois/Air  #.......     90%         3    ####...


Dungeon Overview and Level Annotations

Branches:
Dungeon (3/15)

Altars:
Cheibriados
Fedhas
Sif Muna

Annotations:
D:3 exclusion: oklob plant


Innate Abilities, Weirdness & Mutations

Your body is rotting away.
You thrive on raw meat.
You are immune to poison.
You have sharp fingernails.
You are carnivorous and can eat meat at any time.
Your flesh is cold resistant. (rC+)
You are immune to negative energy. (rN+++)
You do not regenerate when monsters are visible.
You are immune to unholy pain and torment.
You can survive without breathing.


Message History

The plant is almost destroyed.
You hit the plant but do no damage.
The plant is almost destroyed.
You hit the plant but do no damage.
The plant is almost destroyed.
You hit the plant but do no damage.
The plant is almost destroyed.
You hit the plant.
You destroy the plant!
You hit the plant.
The plant is lightly damaged.
The oklob plant spits acid at you. The splash of acid hits you!
The acid corrodes you!
You are splashed with acid!
You hit the plant but do no damage.
The plant is lightly damaged.
The oklob plant spits acid at you. The splash of acid hits you!
* * * LOW HITPOINT WARNING * * *
You are splashed with acid!
You die...

###...................##......
#...##........#...........##..
#...##........##.#####.#......
################## #...##÷..
.PPP#PP##P.PP#####........
.PP#P.PPP.P#.##...........
PPPPPP%.%..♣#......)....#
P♣♣PP#PPP#.%.#...........#
......#P.@PP.#..........##
≈≈.≈≈...#PP#P#..........#
≈≈.≈≈≈..PP♣PP#..........#
≈≈.≈≈≈≈..♣P♣P#.<........#
≈≈≈≈.≈≈≈≈≈.P.P♣#.......>..##
.≈≈≈≈...≈≈≈≈.PPP♣#..........##
♣.≈≈≈≈._.≈≈≈≈.PPP##...........8
♣.≈≈≈≈...≈≈≈≈.P..♣#............
P.≈≈≈≈≈≈≈≈≈≈≈.#PPP###.#######..


You could see an oklob plant.

Vanquished Creatures
  Crazy Yiuf (D:2)
  5 adders
  An ooze (D:1)
  A leopard gecko (D:3)
  3 giant cockroaches
  7 goblins
  10 hobgoblins
  2 jackals (D:1)
  2 quokkas (D:2)
  2 ball pythons
  9 bats
  4 frilled lizards
  10 kobolds
  7 rats
  A fungus (D:2)
  2 plants (D:3)
67 creatures vanquished.

Notes
Turn   | Place    | Note
-------+----------+-------------------------------------------
     0 | D:1      | Borgoz the Ghoul Gladiator began the quest for the Orb.
     0 | D:1      | Reached XP level 1. HP: 17/17 MP: 0/0
    55 | D:1      | Reached XP level 2. HP: 20/24 MP: 1/1
   361 | D:1      | Lost intelligence.
   431 | D:1      | Reached skill level 1 in Armour
   431 | D:1      | Reached XP level 3. HP: 26/30 MP: 2/2
   876 | D:2      | Reached skill level 1 in Stealth
  1044 | D:2      | Reached XP level 4. HP: 29/37 MP: 3/3
  1098 | D:2      | Found a snail-covered altar of Cheibriados.
  1551 | D:2      | Found a runed translucent door.
  1552 | D:2      | Noticed Crazy Yiuf
  1564 | D:2      | Killed Crazy Yiuf
  1672 | D:3      | Reached XP level 5. HP: 38/44 MP: 4/4
  1973 | D:3      | Found a deep blue altar of Sif Muna.
  2068 | D:3      | Found a blossoming altar of Fedhas.
  2079 | D:3      | Noticed an oklob plant
  2129 | D:3      | Splashed by an oklob plant's acid

Skill      XL: |  1  2  3 |
---------------+----------+-----
Short Blades   | 3 |  3.4
Dodging        | 3 |  3.5
Armour         | 1 |  1.9
Stealth        | 1 |  1.6
Fighting       | |  2.8
Throwing       | |  1.7

Action                   |  1- 3 |  4- 6 || total
-------------------------+-------+-------++-------
Melee: Rapier            |   112 |   150 ||   262
Throw: Throwing net      |       |     1 ||     1
  Use: Scroll            |     2 |     6 ||     8
 Stab: Sleeping          |     2 |     1 ||     3
       Invisible         |       |     1 ||     1
       Held in net/web   |       |     1 ||     1
  Eat: Chunk             |     5 |     9 ||    14
Armor: Leather armour    |    34 |    48 ||    82
Dodge: Dodged            |    88 |   100 ||   188
